 Dungeon Crawl Stone Soup version 0.31.0-32-g396128a36d (webtiles) character file.

Game seed: 12209836664520136175

112 TacoSundae the Ruffian (level 4, -2/21 HPs)
             Began as a Vine Stalker Shapeshifter on Apr 4, 2024.
             Slain by a goblin
             ... wielding a +1 dagger of electrocution
             ... led by Robin
              (15 damage)
             ... on level 3 of the Dungeon.
             The game lasted 00:06:02 (1574 turns).

TacoSundae the Ruffian (Vine Stalker Shapeshifter)  Turns: 1574, Time: 00:06:03

Health: -2/21      AC:  2    Str: 17    XL:     4   Next: 95%
Magic:  0/5        EV: 12    Int: 10    God:
Gold:   196        SH:  0    Dex: 15    Spells: 3/3 levels left

rFire   . .          .
                       - Unarmed
rCold   + . .        (no shield)
rNeg    . . .        a - +0 animal skin
rPois   .            (helmet currently unavailable)
rElec   .            (cloak currently unavailable)
rCorr   .            (gloves currently unavailable)
SInv    .            (boots currently unavailable)
Will    .....        (no amulet)
Stlth   +            r - ring of flight
HPRegen 1.03/turn    s - ring of protection from cold
MPRegen 0.09/turn

%: guardian spirit
@: beast-form, flying
A: beast (slay +2), fangs 2, regeneration 1, magic shield, antimagic bite, no
potion heal 2
a: Begin Untransformation


You were on level 3 of the Dungeon.
You were a hulking beast.
You visited 1 branch of the dungeon, and saw 3 of its levels.

You collected 196 gold pieces.

Inventory:

Hand Weapons
 f - a +0 dagger of draining
Missiles
 j - 11 poisoned darts (quivered)
 t - 4 curare-tipped darts
Armour
 a - a +0 animal skin (worn)
Magical Staves
 g - a staff of fire
Jewellery
 r - a ring of flight (left hand)
 s - a ring of protection from cold (right hand)
Talismans
 c - a beast talisman
 d - a flux talisman
Scrolls
 h - a scroll of poison {unknown}
 n - a scroll of amnesia {unknown}
 o - 2 scrolls of teleportation {unknown}
 q - a scroll of blinking {unknown}
Potions
 b - 2 potions of lignification
 e - a potion of attraction {unknown}
 i - a potion of degeneration {unknown}
 k - a potion of cancellation {unknown}
 l - a potion of brilliance {unknown}
 m - a potion of invisibility {unknown}
 p - a potion of curing {unknown}
 u - a potion of berserk rage {unknown}


   Skills:
 - Level 0.8 Fighting
 - Level 1.5 Dodging
 * Level 4.4 Unarmed Combat
 * Level 4.2 Shapeshifting


You had 3 spell levels left.
You didn't know any spells.
Your spell library contained the following spells:

 Spells                   Type           Power      Damage    Failure   Level
 Apportation              Tloc           0%         N/A       36%         1
 Call Imp                 Summ           0%         N/A       50%         2
 Jinxbite                 Hex            0%         N/A       50%         2
 Sublimation of Blood     Necr           0%         N/A       50%         2
 Alistair's Intoxication  Alch           0%         N/A       100%        5
 Summon Hydra             Summ           0%         N/A       100%        7


Dungeon Overview and Level Annotations

Branches:
Dungeon (3/15)

Altars:

Shops:
D:2 [?(*:

Annotations:
D:3 Robin


Innate Abilities, Weirdness & Mutations

You are a hulking beast.
Your limbs bulge with bestial killing power. (Slay +2)
You have extremely sharp teeth.
Your natural rate of healing is unusually fast.
When hurt, damage is shared between your health and your magic reserves.
Your bite disrupts and absorbs the magic of your enemies.
Potions cannot restore your health.


Message History

u - an amethyst potion
Things that are here:
a +0 whip; a kobold corpse
Things that are here:
a +0 whip; a kobold corpse
Things that are here:
a +0 flail; 5 stones; a kobold corpse
j - 11 poisoned darts (gained 2) 3 goblins and a frilled lizard come into view.
A goblin is wielding a +1 dagger of electrocution.
The goblin shouts! x2; The frilled lizard hisses angrily.
The goblin moves out of view. x2
You hear a shout!
You hear a loud squeak.
You hear a shout!
You hear a shout! x5
A goblin comes into view. It is wielding a +0 dagger.
Robin of the Strong Arm comes into view.
They are wielding a +0 whip and wearing the +0 helmet "Nyavah" {rN+}.
You hear a shout!
Robin throws the goblin at you! The goblin hits you with a +0 dagger.
The goblin attacks as it pursues you! The goblin hits you with a +0 dagger.
You closely miss the goblin. The goblin hits you with a +0 dagger.
You completely miss the goblin. Your bite misses the goblin.
Robin roars a battlecry!
The goblins go into a battle-frenzy!
The goblin hits you with a +1 dagger of electrocution.
The goblin closely misses you.
You hear a shout! x2
The goblin attacks as it pursues you! The goblin barely misses you.
The goblin attacks as it pursues you! The goblin completely misses you.
A goblin comes into view. It is wielding a +0 dagger.
Robin throws the goblin at you!
A goblin comes into view. It is wielding a +0 dagger.
The goblin attacks as it pursues you! The goblin hits you with a +0 dagger.
The goblin misses you.
You hit the goblin.
The goblin is heavily wounded.
A hobgoblin comes into view.
The goblin hits you with a +1 dagger of electrocution.
You are electrocuted!
Ouch! That really hurt!
You die...

##g###########
.gl.ggg......# #...# ..#
#.# #.g.# #.#.
#########...
##g.###.#.##...#...#.##
#..l...#............#.
##..g..#............#.
###gh.#............#.
####g#............#.
####....#...........#..
###.......#..........#..#
##........)#..###>#####.##
#......)...#. #...####....
..####.###.####..##.....##
##..##...#
#.#.##..#.....##
#...#....#
#.#....##.######


You could see Robin, a hobgoblin (wandering), 6 goblins and a frilled lizard.

Vanquished Creatures
  A bombardier beetle (D:3)
  3 adders
  3 ribbon worms
  A dart slug (D:1)
  4 bats
  4 endoplasms
  2 giant cockroaches (D:1)
  A goblin (D:1)
  6 hobgoblins
  9 kobolds
  A quokka (D:1)
  5 ball pythons
  3 frilled lizards
  4 rats
47 creatures vanquished.

Notes
Turn   | Place    | Note
-------+----------+-------------------------------------------
     0 | D:1      | TacoSundae the Vine Stalker Shapeshifter began the quest
                  | for the Orb.
     0 | D:1      | Reached XP level 1. HP: 9/9 MP: 2/2
    62 | D:1      | Reached XP level 2. HP: 14/14 MP: 3/3
   365 | D:1      | Reached XP level 3. HP: 14/17 MP: 2/4
   724 | D:2      | Found Fiasom's Weapon Boutique.
   778 | D:2      | Found Butiutuo's General Store.
   797 | D:2      | Found Lirghir's Book Shoppe.
   969 | D:2      | Found Sisingi's Magic Scroll Boutique.
  1076 | D:2      | Found Eniatis's Armour Emporium.
  1308 | D:3      | Reached XP level 4. HP: 21/21 MP: 5/5
  1566 | D:3      | Identified the +0 helmet "Nyavah" {rN+}
  1566 | D:3      | Noticed Robin
  1574 | D:3      | Slain by a goblin

Illustrated notes

Levels and vault maps discovered:
D:1:      ncdulo_wetmaze, layout_basic
D:2:      layout_basic, serial_shops, shop, nicolae_shop_rolling_square, shop,
          nicolae_square_shop, shop
D:3:      minmay_recursive_quarters, layout_rooms,
          dreamdust_ecumenical_altar_angels_and_demons,
          amcnicky_mini_pool_small, dk_noncrumbling_3, uniq_robin

Skill      XL: |  1  2  3 |
---------------+----------+-----
Unarmed Combat | 4 |  4.4
Shapeshifting  | 4 |  4.2
Fighting       | |  0.8
Dodging        | |  1.5

Action                     |  1- 3 |  4- 6 || total
---------------------------+-------+-------++-------
  Melee: Unarmed           |    79 |    26 ||   105
         Bite              |    17 |     8 ||    25
         Punch             |     1 |     1 ||     2
   Stab: Sleeping          |     1 |       ||     1
 Armour: Animal skin       |    33 |    17 ||    50
  Dodge: Dodged            |    46 |    12 ||    58
